Map: Newkirk Precinct TE (Void)

Players

Railgan

  • Race: Zerg Zerg
  • League: Grandmaster
  • Spawn Location: 5:00

Zelos - Winner!

  • Race: Terran Terran
  • League: Grandmaster
  • Spawn Location: 7:00

VOD

Have the link to the VOD?

Description

Time

  • Played on: March 12, 2017, 6:06 p.m.
  • Length: 17:32
Show
View Real Time Build Order
Export as new Build Order

Railgan Zerg 

Build Orders: Pool First 

Get SALT Encoding   

  12  0:01  Drone  
  13  0:13  Overlord  
  13  0:19  Drone  
  14  0:31  Drone x2  
  16  0:36  Drone  
  17  0:46  Spawning Pool  
  17  0:49  Drone  
  17  0:56  Drone  
  18  1:13  Extractor, Hatchery  
  18  1:16  Drone  
  17  1:21  Drone  
  18  1:33  Zergling x2  
  18  1:35  Roach Warren  
  18  1:42  Queen  
  20  1:47  Drone  
  20  1:50  Drone  
  22  2:00  Overlord  
  22  2:18  Queen  
  22  2:19  Roach  
  26  2:23  Roach  
  26  2:27  Roach  
  30  2:31  Queen  
  32  2:37  Drone  
  32  2:41  Overlord  
  32  2:44  Drone  
  32  2:49  Drone  
  34  2:53  Drone  
  34  2:55  Drone  
  36  3:05  Drone  
  37  3:07  Lair  
  37  3:12  Drone x2  
  39  3:17  Drone  
  40  3:20  Drone  
  40  3:25  Drone  
  40  3:26  Drone  
  43  3:28  Drone  
  43  3:32  Extractor, Overlord  
  43  3:33  Drone  
  44  3:36  Extractor  
  44  3:37  Drone  
  44  3:46  Overlord  
  44  3:52  Drone x4  
  44  3:53  Drone  
  49  3:58  Drone  
  49  4:01  Drone x2  
  52  4:03  Overlord  
  52  4:13  Spire, Drone  
  52  4:17  Extractor  
  52  4:21  Glial Reconstitution  
  51  4:25  Drone x3  
  51  4:28  Drone x2  
  51  4:30  Drone  
  51  4:31  Overseer  
  57  4:38  Overlord  
  57  4:42  Roach x2  
  61  4:48  Overlord  
  61  4:51  Roach  
  61  4:52  Roach x2  
  67  4:57  Overlord  
  67  5:05  Overlord  
  67  5:20  Roach x2  
  71  5:21  Roach  
  71  5:22  Roach x2  
  71  5:23  Hatchery  
  76  5:28  Corruptor  
  76  5:32  Corruptor  
  80  5:39  Roach x3  
  86  5:43  Roach  
  86  5:46  Roach x2  
  91  5:57  Overlord  
  91  5:58  Overlord  
  91  6:03  Overlord  
  91  6:06  Overlord  
  91  6:13  Drone  
  91  6:14  Overlord  
  91  6:17  Drone x2  
  94  6:18  Roach  
  94  6:19  Evolution Chamber x2, Roach  
  94  6:22  Roach  
  94  6:23  Drone  
  99  6:26  Roach  
  101  6:36  Roach x2  
  105  6:43  Ravager x5  
  105  6:44  Ravager x3, Roach  
  105  6:45  Roach x2  
  119  6:48  Overlord  
  119  6:51  Roach  
  121  6:56  Roach x2  
  120  7:04  Roach  
  120  7:05  Roach x2  
  114  7:11  Roach x3  
  114  7:13  Roach  
  101  7:23  Roach  
  101  7:24  Roach x3  
  101  7:28  Roach  
  109  7:31  Drone  
  109  7:32  Drone x3  
  103  7:45  Drone x5  
  103  7:47  Drone  
  103  7:49  Zerg Missile Weapons Level 1  
  109  7:52  Zerg Ground Armor Level 1  
  109  7:53  Roach  
  109  7:54  Drone  
  109  7:55  Drone  
  109  8:02  Drone x5  
  108  8:07  Extractor, Corruptor  
  108  8:09  Extractor  
  106  8:13  Drone  
  106  8:14  Drone  
  106  8:16  Drone x3  
  106  8:19  Ravager  
  113  8:20  Ravager, Corruptor  
  113  8:26  Overlord  
  115  8:33  Roach x2  
  115  8:34  Corruptor  
  121  8:47  Roach x5  
  131  8:53  Overlord  
  131  8:56  Hatchery  
  131  8:57  Overlord  
  131  9:01  Roach  
  132  9:06  Corruptor x2  
  132  9:08  Roach x2  
  140  9:13  Roach x4  
  148  9:18  Roach  
  148  9:19  Roach x2  
  148  9:24  Overlord  
  154  9:25  Roach x2  
  158  9:33  Pneumatized Carapace  
  158  9:36  Roach  
  158  9:37  Roach x4  
  168  9:40  Roach  
  168  9:42  Overlord  
  168  9:43  Overlord  
  170  10:04  Zerg Missile Weapons Level 2, Roach x6  
  170  10:05  Zerg Ground Armor Level 2  
  182  10:12  Roach  
  182  10:13  Roach x4  
  192  10:14  Roach  
  190  10:23  Roach x2  
  194  10:29  Drone x4  
  194  10:31  Ravager x2  
  200  10:36  Hydralisk Den  
  154  10:46  Roach x5  
  154  10:49  Roach  
  143  10:50  Roach x4  
  143  10:53  Roach  
  143  10:54  Roach  
  125  11:00  Roach x4  
  125  11:01  Ravager  
  125  11:02  Roach x2  
  138  11:06  Ravager  
  139  11:14  Metabolic Boost  
  139  11:16  Zergling x10  
  144  11:24  Muscular Augments  
  144  11:26  Drone x4  
  144  11:28  Extractor, Drone  
  144  11:29  Extractor, Zergling x2  
  144  11:30  Zergling x12  
  144  11:31  Ravager x2  
  156  11:40  Zergling x2  
  156  11:41  Overlord, Zergling x8  
  159  11:50  Overlord, Zergling x6  
  161  12:00  Ravager x5  
  162  12:02  Zergling x16  
  162  12:04  Ravager  
  171  12:13  Zergling x12  
  171  12:15  Ravager x2  
  175  12:16  Ravager  
  175  12:17  Zergling x2  
  175  12:18  Zergling x2  
  172  12:26  Zergling x2  
  172  12:27  Zergling x10  
  163  12:31  Roach  
  163  12:33  Hydralisk x2  
  163  12:35  Hydralisk  
  162  12:41  Hydralisk  
  162  12:42  Hydralisk  
  162  12:43  Zergling x2  
  162  12:44  Zergling x2  
  140  12:47  Zergling x6  
  140  12:48  Zergling x4  
  140  12:51  Hydralisk  
  134  12:54  Drone x3  
  134  12:56  Zergling x2  
  137  13:06  Ravager  
  137  13:07  Ravager  
  137  13:08  Hydralisk, Zerg Melee Weapons Level 1  
  137  13:09  Lurker Den  
  137  13:10  Hydralisk  
  137  13:12  Zergling x2  
  144  13:13  Zergling x6  
  144  13:16  Hatchery  
  144  13:17  Zergling x2  
  144  13:19  Zergling x2  
  135  13:27  Corruptor  
  135  13:28  Hydralisk x3  
  135  13:29  Hydralisk x2  
  147  13:41  Hydralisk  
  147  13:42  Hydralisk x3  
  147  13:45  Infestation Pit  
  154  13:58  Spine Crawler  
  153  14:03  Hydralisk x6  
  153  14:04  Zergling x2  
  153  14:06  Hydralisk  
  166  14:14  Hydralisk  
  166  14:15  Zergling x2  
  166  14:16  Zergling x12  
  167  14:36  Hydralisk  
  163  14:40  Hatchery  
  163  14:45  Zergling x2  
  125  14:53  Hydralisk  
  125  14:59  Zergling x10  
  110  15:06  Hatchery  
  109  15:07  Zergling x2  
  109  15:08  Zergling x4  
  109  15:11  Lurker x6  
  109  15:12  Zergling x12  
  124  15:16  Roach  
  126  15:22  Roach  
  126  15:23  Hydralisk  
  126  15:24  Overlord  
  130  15:28  Drone  
  131  15:41  Drone x4  
  131  15:42  Drone  
  136  15:48  Hydralisk x2  
  140  15:51  Hydralisk  
  142  15:58  Hydralisk  
  142  16:02  Lurker x3  
  147  16:14  Ravager x2  
  147  16:15  Drone  
  147  16:16  Drone x2  
  150  16:20  Extractor  
  150  16:23  Extractor  
  148  16:33  Hydralisk x4  
  135  16:40  Hydralisk  
  135  16:42  Hydralisk x2  
  135  16:44  Hydralisk  
  126  16:47  Hydralisk  
  126  16:53  Zergling x12  
  120  16:57  Hydralisk x2  
  120  16:58  Zergling x2  
  120  16:59  Lurker  
  120  17:00  Lurker x2  
  120  17:01  Zergling x6  
  131  17:08  Zergling x2  
  131  17:12  Lurker x2  
Show
View Real Time Build Order
Export as new Build Order

Zelos Terran - Winner!

Build Orders: Reaper Expand, Bio Tank 

Get SALT Encoding   

  12  0:00  SCV  
  13  0:12  SCV  
  14  0:17  Supply Depot  
  14  0:24  SCV  
  15  0:39  Barracks, SCV  
  16  0:45  Refinery  
  16  0:51  SCV  
  17  1:03  SCV  
  18  1:15  SCV  
  19  1:27  Reaper  
  19  1:28  Orbital Command  
  20  1:42  Command Center  
  20  1:53  SCV  
  21  1:57  Barracks  
  21  2:02  Barracks Reactor  
  21  2:06  SCV  
  22  2:13  Supply Depot  
  22  2:18  SCV  
  22  2:21  Refinery  
  23  2:26  Factory  
  23  2:34  SCV  
  24  2:45  Marine x3  
  24  2:47  SCV  
  28  2:55  Orbital Command  
  28  3:01  SCV  
  28  3:03  Marine x2  
  31  3:05  Marine  
  35  3:21  SCV  
  35  3:22  SCV  
  35  3:25  Starport  
  37  3:29  Marine x2  
  37  3:30  Barracks Tech Lab  
  39  3:34  SCV  
  39  3:39  SCV  
  41  3:43  Factory Reactor  
  41  3:46  SCV  
  39  3:49  Marine x3, Stimpack  
  39  3:51  SCV  
  43  3:57  Supply Depot x2  
  43  3:58  SCV  
  44  4:04  SCV  
  44  4:06  Marine  
  46  4:18  Marine x2, SCV x2  
  46  4:20  Supply Depot  
  46  4:22  Medivac x2, Supply Depot  
  54  4:27  Marine  
  54  4:28  Factory Tech Lab  
  54  4:30  SCV x2  
  57  4:38  Engineering Bay  
  57  4:40  Engineering Bay  
  57  4:42  SCV x2  
  57  4:43  Marine  
  57  4:44  Marine  
  61  5:04  Marine x3  
  64  5:08  Terran Infantry Weapons Level 1  
  64  5:10  Terran Infantry Armor Level 1  
  64  5:11  Command Center  
  64  5:16  SCV  
  64  5:18  Refinery x2  
  64  5:19  Supply Depot  
  65  5:24  Marine  
  65  5:25  Marine x2  
  68  5:29  Barracks  
  68  5:31  Barracks  
  68  5:32  SCV  
  68  5:33  SCV  
  68  5:34  Widow Mine  
  72  5:38  Medivac  
  74  5:45  Marine x3  
  76  5:57  Missile Turret  
  76  6:01  Missile Turret, SCV x2  
  76  6:03  Missile Turret, Marine x2  
  80  6:04  Siege Tank  
  80  6:08  Marine  
  80  6:10  Combat Shields  
  84  6:13  SCV  
  84  6:14  SCV  
  86  6:20  Armory  
  86  6:24  Marine x2  
  86  6:25  Barracks Tech Lab  
  88  6:26  Barracks Reactor  
  88  6:32  Planetary Fortress  
  88  6:37  SCV x2  
  88  6:39  Siege Tank  
  93  6:49  Supply Depot, SCV x2  
  93  6:50  Supply Depot  
  93  6:51  Marine  
  93  6:52  Marine  
  93  6:53  Marauder  
  99  7:01  SCV x2  
  90  7:10  SCV  
  90  7:11  Marine x2  
  90  7:12  Marine x2, Marauder  
  90  7:13  Terran Infantry Armor Level 2, SCV x2  
  93  7:29  Marine x2, Marauder, Siege Tank  
  99  7:31  SCV x3  
  97  7:48  SCV x3  
  97  7:50  Marine x4, Marauder x2  
  97  7:51  Terran Infantry Weapons Level 2  
  108  7:54  Barracks  
  108  7:55  Barracks  
  108  8:00  SCV  
  108  8:03  Siege Tank, Medivac x2  
  115  8:09  Marine x2  
  117  8:15  Supply Depot  
  117  8:17  Terran Vehicle Weapons Level 1  
  117  8:18  Supply Depot  
  117  8:19  Supply Depot  
  117  8:33  Supply Depot x2  
  117  8:34  Supply Depot  
  117  8:37  Marine x5, Marauder  
  117  8:39  Siege Tank  
  127  8:41  Refinery  
  127  8:43  Refinery, Barracks Tech Lab  
  127  8:44  Barracks Reactor  
  127  8:45  SCV x2  
  127  8:47  SCV  
  130  8:53  Supply Depot  
  130  8:54  Factory  
  130  8:55  Factory  
  130  8:57  SCV x2  
  130  8:59  SCV  
  133  9:06  Supply Depot x2  
  133  9:07  Supply Depot  
  133  9:09  Marine x3, SCV  
  136  9:10  Marine, SCV  
  136  9:11  SCV  
  136  9:12  Marauder  
  136  9:13  Supply Depot  
  136  9:14  Marauder  
  144  9:22  SCV x2  
  144  9:23  SCV  
  147  9:29  Marine x6  
  153  9:33  Supply Depot  
  153  9:34  SCV  
  153  9:38  Marauder x3  
  160  9:39  Factory Tech Lab x2  
  160  9:42  Siege Tank  
  151  10:03  Marine  
  151  10:04  Marine x4, Marauder x3  
  152  10:12  Marine  
  143  10:14  Siege Tank x3  
  143  10:18  Supply Depot  
  143  10:20  Supply Depot  
  142  10:21  Marine x3  
  142  10:23  Marine  
  142  10:24  Marine  
  142  10:25  Marauder  
  142  10:27  Marine x2  
  151  10:30  Marine  
  152  10:37  Supply Depot  
  152  10:39  Marine x3  
  152  10:41  Marine  
  139  10:46  Siege Tank  
  139  10:48  Marine x4  
  139  10:49  Marauder  
  131  10:57  Marine x3  
  131  10:59  Marine  
  131  11:02  Siege Tank x2  
  141  11:04  Medivac  
  141  11:05  Marine  
  141  11:06  Marauder x2  
  141  11:08  Medivac  
  150  11:29  Marine x6, Marauder, Orbital Command  
  158  11:39  Marine  
  154  11:40  Marine, Siege Tank x2  
  154  11:47  Marine  
  161  11:58  Marine x3  
  161  11:59  Marine  
  161  12:00  Marine x4  
  161  12:01  Siege Tank, Medivac  
  172  12:15  Marine  
  162  12:16  Siege Tank x2, Marine x2  
  162  12:18  Marauder  
  169  12:29  Marine x4  
  169  12:32  Marine x2  
  171  12:42  Marine x3  
  137  12:46  Marine x2  
  137  12:47  Marine x2  
  137  12:49  Siege Tank x3, Marine  
  137  12:50  Marine  
  125  12:54  Medivac x2  
  126  13:00  Marine x3  
  126  13:03  Terran Infantry Armor Level 3  
  126  13:04  Marine x2  
  127  13:10  Marine  
  127  13:11  Marine x3  
  130  13:27  Marine x5  
  130  13:28  Siege Tank x3  
  130  13:29  Medivac  
  130  13:30  Medivac  
  130  13:33  Marine x3  
  151  13:42  Marine  
  151  13:45  Marine x2, SCV x3  
  157  13:56  Marine  
  157  13:57  Marine, Marauder x2, SCV  
  157  14:01  Marauder  
  157  14:02  Marine x2  
  167  14:03  Marine x2, Command Center, Siege Tank x2  
  175  14:16  Marine  
  175  14:17  Marine  
  173  14:18  Marine, Marauder  
  173  14:20  Marine x3  
  173  14:22  Marauder  
  147  14:47  Marine x6, Marauder  
  147  14:48  Marine x2  
  136  14:57  Siege Tank x3  
  125  15:02  Medivac x2  
  125  15:05  Marine x2  
  131  15:15  Marine x7  
  131  15:18  Planetary Fortress  
  138  15:22  Marine  
  138  15:24  Marine  
  138  15:28  Barracks x2  
  140  15:29  Siege Tank  
  140  15:30  Siege Tank  
  140  15:32  Siege Tank, Marine  
  140  15:33  Marine  
  140  15:34  Marauder  
  153  15:36  Bunker  
  153  15:37  Marine x2  
  153  15:38  Missile Turret, Marine, Refinery x2  
  156  15:45  Liberator x2  
  156  15:46  Barracks  
  156  15:49  Barracks  
  156  15:53  Marine x3  
  156  15:54  Marine  
  166  16:13  Marine x6  
  166  16:14  Siege Tank  
  175  16:20  Marine  
  175  16:21  Marine x2  
  178  16:31  Command Center  
  172  16:43  Marine x3  
  172  16:44  Marine x7, Marauder  
  159  16:53  Siege Tank x3  
  151  17:01  Marine x4  
  151  17:02  Marine x5  
  151  17:06  Marine x2  
Tags
 
Add a new tag
Caveats
  • Supply blocks, unpowered buildings, or Contaminate may cause inaccurate times.
  • Supply counts are checked every 10 seconds.